 Dungeon Crawl Stone Soup version 0.26.0-41-g79a4fc7684 (webtiles) character file.

Game seed: 12621103417589257162

1185 sahdkjhfkaj the Thaumaturge (level 8, -2/39 (45) HPs)
             Began as a Deep Elf Monk on Jan 27, 2021.
             Was a Believer of Sif Muna.
             Slain by a wight
             ... wielding a cursed +3 hand axe
              (9 damage)
             ... on level 5 of the Dungeon.
             The game lasted 00:12:58 (8900 turns).

sahdkjhfkaj the Thaumaturge (Deep Elf Monk)         Turns: 8900, Time: 00:12:58

HP:   -2/39 (45)    AC:  5    Str:  8    XL:     8   Next: 19%
MP:   24/24         EV: 15    Int: 18    God:    Sif Muna [**....]
Gold: 49            SH:  5    Dex: 17    Spells: 26/27 levels left

rFire    . . .     SeeInvis .   a - +1 dagger (drain)
rCold    . . .     Faith    .   d - +0 buckler
rNeg     . . .     Spirit   .   b - +0 robe
rPois    .         Reflect  .   n - +2 helmet
rElec    .         Harm     .   (no cloak)
rCorr    .         Rampage  .   (no gloves)
Will     .....                  (no boots)
Stlth    ++........             (no amulet)
HPRegen  0.13/turn              (no ring)
MPRegen  0.19/turn              (no ring)

@: heavily drained
A: no striking features
a: Renounce Religion, Channel Magic


You were on level 5 of the Dungeon.
You worshipped Sif Muna.
Sif Muna was pleased with you.
You visited 2 branches of the dungeon, and saw 7 of its levels.

You collected 238 gold pieces.
You spent 189 gold pieces at shops.

Inventory:

Hand Weapons
 a - a +1 dagger of draining (weapon)
Armour
 b - a +0 robe (worn)
 d - a +0 buckler (worn)
 n - a +2 helmet (worn)
Wands
 l - a wand of random effects (9)
 m - a wand of iceblast (5)
Scrolls
 e - 4 scrolls of remove curse
 f - 2 scrolls of fear
 h - 3 scrolls of teleportation
 j - a scroll of blinking
Potions
 c - 2 potions of ambrosia
 g - a potion of invisibility {unknown}
 i - a potion of degeneration {unknown}
 k - a potion of heal wounds


   Skills:
 - Level 2.4 Fighting
 - Level 4.0 Short Blades
 - Level 5.0 Dodging
 - Level 2.4 Stealth
 - Level 2.0 Shields
 - Level 10.0 Spellcasting
 + Level 3.6 Evocations


You had 26 spell levels left.
You knew the following spells:

 Your Spells              Type           Power        Failure   Level
a - Magic Dart            Conj           36%          10%         1

Your spell library contained the following spells:

 Spells                   Type           Power        Failure   Level
 Blink                    Tloc           N/A          16%         2
 Call Imp                 Summ           9%           16%         2
 Slow                     Hex            9%           16%         2
 Conjure Flame            Conj/Fire      9%           30%         3
 Mephitic Cloud           Conj/Pois/Air  9%           30%         3


Dungeon Overview and Level Annotations

Branches:
Dungeon (6/15)             Temple (1/1) D:5

Altars:
Cheibriados
Elyvilon
Gozag
Hepliaklqana
Kikubaaqudgha
Nemelex Xobeh
Okawaru
Ru
Sif Muna
Trog
Uskayaw
Vehumet
Xom
Zin
The Shining One

Shops:
D:4 *?**

Annotations:
Temple phantom


Message History

The wight barely misses you.
You hit the wight but do no damage.
The wight is moderately damaged.
The wight hits you with a cursed +3 hand axe.
* * * LOW HITPOINT WARNING * * *
You feel drained.
You barely miss the wight.
The wight is moderately damaged.
You barely miss the wight.
The wight is moderately damaged.
The wight hits you but does no damage.
You hit the wight.
The wight is moderately damaged.
The wight closely misses you.
You hit the wight but do no damage.
The wight is moderately damaged.
You barely miss the wight.
The wight is moderately damaged.
The wight hits you with a cursed +3 hand axe!
You die...

...#####.# ...##....# #####
...##.##.# ##<..## ......##.#
##.....## ...#####.# #.......#
...### #.# #.......#
.....###.#######.......#
...#...........z......##
..............##@......#
........^...[.##...<...#
..##..........##.......##
..##..........###.......##
..##..........####...##..####
..#..............#.#####....#
...................##....##.#
####.................)###...##
# #.............#...#####...#


You could see a wight.

Vanquished Creatures
  Grinder (D:5)
  A wraith (D:4)
  Edmund (D:4)
  An ogre (D:4)
  A phantom (D:5)
  2 scorpions
  3 hounds (D:4)
  2 orc wizards (D:4)
  2 worker ants (D:5)
  A hound skeleton (D:4)
  9 adders
  A shadow imp (D:5)
  An ufetubus (D:5)
  2 oozes
  2 adder skeletons
  4 worms
  7 dart slugs
  4 leopard geckos
  9 orcs
  A ball python (D:2)
  4 giant cockroaches
  5 goblins
  7 hobgoblins
  10 jackals
  7 kobolds
  4 quokkas
  10 bats
  4 frilled lizards
  A quokka skeleton (D:4)
  10 rats
117 creatures vanquished.

Vanquished Creatures (others)
  14 plants
14 creatures vanquished.

Grand Total: 131 creatures vanquished

Notes
Turn   | Place    | Note
-------+----------+-------------------------------------------
     0 | D:1      | sahdkjhfkaj the Deep Elf Monk began the quest for the Orb.
     0 | D:1      | Reached XP level 1. HP: 13/13 MP: 3/3
   266 | D:1      | Reached skill level 1 in Shields
   587 | D:1      | Reached XP level 2. HP: 18/18 MP: 4/4
   908 | D:1      | You fall into a shaft and drop 1 floor!
  1369 | D:2      | Reached XP level 3. HP: 14/22 MP: 5/5
  1561 | D:2      | You fall into a shaft and drop 1 floor!
  2859 | D:2      | Reached skill level 1 in Spellcasting
  2859 | D:2      | Reached XP level 4. HP: 11/27 MP: 6/8
  2872 | D:2      | HP: 1/27 [poisoned by an adder]
  2884 | D:2      | HP: 1/27 [kobold/stone (1)]
  3555 | D:1      | Reached skill level 2 in Spellcasting
  4356 | D:2      | Reached skill level 3 in Spellcasting
  4786 | D:3      | Reached XP level 5. HP: 28/31 MP: 12/12
  4979 | D:3      | Reached skill level 4 in Spellcasting
  5508 | D:4      | Reached skill level 5 in Spellcasting
  5613 | D:4      | Reached XP level 6. HP: 22/36 MP: 14/16
  5859 | D:4      | Found Folet's Assorted Antiques.
  6006 | D:4      | Reached skill level 6 in Spellcasting
  6030 | D:4      | Found Vitimen's Magic Scroll Emporium.
  6033 | D:4      | Bought a scroll of blinking for 105 gold pieces
  6059 | D:4      | Noticed Edmund
  6075 | D:4      | Killed Edmund
  6076 | D:4      | Reached skill level 5 in Dodging
  6168 | D:4      | Found Tehunt's Assorted Antiques.
  6269 | D:4      | Reached skill level 7 in Spellcasting
  6269 | D:4      | Reached XP level 7. HP: 40/40 MP: 18/20
  6371 | D:4      | Found Boosk's Assorted Antiques.
  6379 | D:4      | Bought a brass wand for 84 gold pieces
  6564 | D:5      | Entered Level 5 of the Dungeon
  6564 | D:5      | Noticed Grinder
  6591 | D:5      | Paralysed by Grinder for 7 turns
  6602 | D:5      | Paralysed by Grinder for 7 turns
  6613 | D:5      | Killed Grinder
  6614 | D:5      | Reached skill level 8 in Spellcasting
  6619 | D:5      | Reached skill level 9 in Spellcasting
  6648 | D:4      | Reached skill level 1 in Evocations
  6803 | D:5      | Found a staircase to the Ecumenical Temple.
  6809 | Temple   | Entered the Ecumenical Temple
  7273 | Temple   | Became a worshipper of Sif Muna the Loreminder
  7273 | Temple   | Reached * piety under Sif Muna
  7273 | Temple   | Reached ** piety under Sif Muna
  7660 | D:4      | Learned a level 1 spell: Magic Dart
  7673 | D:5      | Noticed a wraith
  8300 | D:5      | Reached skill level 10 in Spellcasting
  8300 | D:5      | Reached XP level 8. HP: 21/43 MP: 1/24
  8900 | D:5      | Slain by a wight

Illustrated notes

Levels and vault maps discovered:
D:1:      ncdulo_halloftheorcs, layout_loops_corners, minmay_misc_feat_tiny,
          minmay_cut_off
D:2:      layout_rooms, serial_forest, infiniplex_forest_lined_3_way,
          infiniplex_forest_lined_room_2, infiniplex_forest_clump_curved,
          infiniplex_forest_clump_double, infiniplex_forest_lined_room_3,
          infiniplex_forest_3_way, infiniplex_forest_corner_1,
          infiniplex_forest_straight_5, infiniplex_forest_fountain
D:3:      layout_loops_ring
D:4:      layout_loops_ring, serial_shops, shop, nicolae_shop_crystal,
          nicolae_shop_window_shopping, nicolae_shop_window_shopping,
          st_stairs_8, uniq_edmund
D:5:      layout_rooms, minmay_temple_entry_wispy, minmay_manual_moon,
          uniq_grinder
D:6:      layout_rooms, general_overflow_altar, minmay_misc_feat_doors,
          minmay_misc_feat_roman, uniq_blork_the_orc
Temple:   kilobyte_greek_temple

Skill      XL: |  1  2  3  4  5  6  7  8 |
---------------+-------------------------+-----
Shields        | 1 2 |  2.0
Short Blades   | 4 |  4.0
Spellcasting   | 1 3 5 7 10 | 10.0
Dodging        | 4 5 |  5.0
Evocations     | 1 3 |  3.6
Fighting       | |  2.4
Stealth        | |  2.4

Action                   |  1- 3 |  4- 6 |  7- 9 || total
-------------------------+-------+-------+-------++-------
Melee: Short sword       |   216 |    67 |       ||   283
       Dagger            |       |   188 |   106 ||   294
       Unarmed           |       |       |    18 ||    18
 Cast: Magic Dart        |       |       |    48 ||    48
Invok: Channel Magic     |       |       |     1 ||     1
Evoke: Wand              |       |       |    14 ||    14
  Use: Scroll            |     2 |     4 |     1 ||     7
       Potion            |     4 |     1 |     3 ||     8
 Stab: Sleeping          |     7 |     9 |     1 ||    17
       Distracted        |       |     1 |       ||     1
Armor: Robe              |    39 |    22 |    14 ||    75
       Skin              |       |       |    30 ||    30
Dodge: Dodged            |   187 |   146 |    81 ||   414
Block: Buckler           |     7 |    50 |    36 ||    93
